[Event "Titled Tuesday Blitz May 2 Early 2023"]
[White "Skliarov, Viktor"]
[Black "Dardha, Daniel"]
[WhiteFideId "14106736"]
[BlackFideId "240990"]
[WhiteElo "2317"]
[BlackElo "2581"]
[Result "0-1"]
[Round "03"]
[TimeControl "180+2"]
[Date "2023.05.02"]
[WhiteClock "0:00:11"]
[BlackClock "0:02:03"]

1. e4 e6 2. d4 c5 3. d5 Nf6 4. Nc3 d6 5. Bb5+ Nbd7 6. dxe6 fxe6 7. e5 dxe5 8. Nf3 a6 9. Bxd7+ Qxd7 10. Qe2 Bd6 11. O-O O-O 12. Nxe5 Qc7 13. Bf4 Nd5 14. Bg3 b5 15. Rfe1 Bb7 16. Qg4 Rae8 17. Rad1 b4 18. Nb1 Rf5 19. Nc4 Bf4 20. Nbd2 Nf6 21. Qh4 e5 22. Bxf4 Rxf4 23. Qh3 Rg4 24. f3 Rd4 25. c3 bxc3 26. bxc3 Rd3 27. Ne4 Bxe4 28. Rxd3 Bxd3 29. Ne3 c4 30. Qh4 Qc5 31. Qf2 e4 32. f4 Rb8 33. g4 h6 34. h4 Nd5 35. g5 Nxe3 36. Rxe3 Rb2 37. Qg3 Re2 38. gxh6 Qxe3+ 39. Qxe3 Rxe3 0-1


[Site "https://www.chess.com"]

[Event "Titled Tuesday Blitz May 2 Early 2023"]
[White "Gontcharov, Vladislav"]
[Black "Rustemov, Alexander"]
[WhiteFideId "4123492"]
[BlackFideId "4119002"]
[WhiteElo "2420"]
[BlackElo "2525"]
[Result "0-1"]
[Round "03"]
[TimeControl "180+2"]
[Date "2023.05.02"]
[WhiteClock "0:00:04"]
[BlackClock "0:01:20"]

1. e4 e6 2. d4 d5 3. Nd2 dxe4 4. Nxe4 Bd7 5. Nf3 Bc6 6. Bd3 Nd7 7. O-O Ngf6 8. Nxf6+ Qxf6 9. c3 Bxf3 10. Qxf3 Qxf3 11. gxf3 c6 12. Be3 Bd6 13. Kg2 Nf6 14. f4 g6 15. Kf3 Kd7 16. a4 a5 17. c4 Rhd8 18. Rfd1 Ke8 19. Rac1 Rd7 20. Be2 Bc7 21. Rb1 Bd6 22. c5 Be7 23. b4 Nd5 24. Bd2 axb4 25. Bxb4 Rxa4 26. Be1 Bf6 27. Ra1 Rxd4 28. Rxd4 Bxd4 29. Ra5 Bc3 30. Bxc3 Nxc3 31. Bf1 Ke7 32. h4 h5 33. Ra3 Nd5 34. Rb3 Kd8 35. Bd3 Kc7 36. Be4 Nf6 37. Ke3 Ng4+ 38. Ke2 Rd4 39. f3 Nh6 40. Ke3 Rc4 0-1


[Site "https://www.chess.com"]

[Event "Titled Tuesday Blitz May 2 Early 2023"]
[White "Munkhgal, Gombosuren"]
[Black "Rodshtein, Maxim"]
[WhiteFideId "4901266"]
[BlackFideId "2806851"]
[WhiteElo "2528"]
[BlackElo "2555"]
[Result "1-0"]
[Round "03"]
[TimeControl "180+2"]
[Date "2023.05.02"]
[WhiteClock "0:00:27"]
[BlackClock "0:00:06"]

1. d4 e6 2. Bf4 Nf6 3. e3 Be7 4. Nf3 Nh5 5. Be5 d6 6. Bg3 O-O 7. Bd3 g6 8. c4 c5 9. Nc3 Nd7 10. Ne4 Nxg3 11. hxg3 cxd4 12. exd4 d5 13. cxd5 exd5 14. Nc3 Re8 15. Kf1 Nf6 16. Qd2 Bf8 17. Ne5 a6 18. Re1 Be6 19. Qf4 Bg7 20. g4 Nd7 21. Qh2 h6 22. Qf4 Nxe5 23. dxe5 Rc8 24. Ne2 d4 25. Ng3 Qg5 26. Qxg5 hxg5 27. Ne4 Bxe5 28. Nxg5 Bxa2 29. Ne4 Be6 30. f4 Bxf4 31. Nf6+ Kg7 32. Nxe8+ Rxe8 33. Re4 Be3 34. Ke2 Rc8 35. Rf1 Rc5 36. Ra1 a5 37. Ra4 b6 38. Raxd4 Bxd4 39. Rxd4 Rg5 40. Kf3 Rd5 41. Rxd5 Bxd5+ 42. Kf4 Kf6 43. g5+ Ke6 44. g3 Kd6 45. Ke3 Kc5 46. Bc2 b5 47. Kd3 Bc4+ 48. Kc3 b4+ 49. Kd2 Kd4 50. Bb1 Bd5 51. Bc2 Be6 52. Bd1 b3 53. Be2 Ke4 54. Kc3 Ke3 55. Bc4 a4 56. Bb5 Kf3 57. Bxa4 Kxg3 58. Bxb3 Kf4 59. Bxe6 fxe6 60. b4 Ke5 61. Kc4 Kd6 62. Kd4 e5+ 63. Ke4 Ke6 64. b5 Kd6 65. b6 1-0


[Site "https://www.chess.com"]

[Event "Titled Tuesday Blitz May 2 Early 2023"]
[White "Pham, Khoi"]
[Black "Mikhailovsky, Vladimir"]
[WhiteFideId "1054988"]
[BlackFideId "34105414"]
[WhiteElo "2355"]
[BlackElo "2275"]
[Result "0-1"]
[Round "03"]
[TimeControl "180+2"]
[Date "2023.05.02"]
[WhiteClock "0:00:06"]
[BlackClock "0:00:03"]

1. d4 d5 2. c4 e6 3. Nc3 a6 4. cxd5 exd5 5. Qb3 c5 6. dxc5 d4 7. Na4 Nd7 8. Nf3 Nxc5 9. Nxc5 Bxc5 10. e3 Be6 11. Qa4+ Bd7 12. Qc4 Rc8 13. exd4 Qe7+ 14. Qe2 Bb4+ 15. Bd2 Be6 16. Bxb4 Qxb4+ 17. Qd2 Qd6 18. Be2 Nf6 19. O-O O-O 20. Rac1 Bxa2 21. h3 Bd5 22. Ne5 h6 23. Qa5 Rfd8 24. Bf3 Bxf3 25. Nxf3 Re8 26. Qf5 Rcd8 27. Rc5 Qe6 28. Qc2 Qb6 29. Rc1 Nd5 30. Qf5 Qe6 31. Qe5 Qd7 32. Qg3 Qf5 33. Ne5 Qf6 34. Ng4 Qg5 35. Qf3 Qf4 36. Qb3 h5 37. Rxd5 Qxc1+ 38. Kh2 hxg4 39. Rxd8 Rxd8 0-1


[Site "https://www.chess.com"]

[Event "Titled Tuesday Blitz May 2 Early 2023"]
[White "Indjic, Aleksandar"]
[Black "Reprintsev, Alexander"]
[WhiteFideId "911925"]
[BlackFideId "14100541"]
[WhiteElo "2614"]
[BlackElo "2211"]
[Result "1/2-1/2"]
[Round "03"]
[TimeControl "180+2"]
[Date "2023.05.02"]
[WhiteClock "0:00:21"]
[BlackClock "0:00:19"]

1. d4 d5 2. Nf3 Nc6 3. c4 e5 4. e3 exd4 5. cxd5 Bb4+ 6. Bd2 Bxd2+ 7. Nbxd2 dxe3 8. dxc6 exd2+ 9. Qxd2 Qxd2+ 10. Kxd2 bxc6 11. Re1+ Ne7 12. Bc4 Be6 13. Bxe6 fxe6 14. Rxe6 O-O-O+ 15. Kc1 Nd5 16. Rxc6 Nb4 17. Rc4 Nd3+ 18. Kc2 Nxf2 19. Re1 Rhe8 20. Rf4 h5 21. h3 Nd3 22. Rxe8 Nxf4 23. Rxd8+ Kxd8 24. Ne1 Ke7 25. Kd2 Ke6 26. Ke3 Kf5 27. Kf3 h4 28. Nc2 g5 29. Nb4 a5 30. Na6 Nd3 31. Nxc7 Nxb2 32. Nd5 Nd3 33. a4 Nc5 34. Nb6 Ke5 35. Nc4+ Kf5 36. Nb6 Ke5 37. Kg4 Kf6 38. Nd5+ Kg6 39. Nc3 Kf6 40. Nd5+ Kg6 41. Nb6 Kf6 42. Nc4 Nxa4 43. Nxa5 Nc5 44. Nc4 Nd3 45. g3 hxg3 46. Kxg3 Nf4 47. h4 gxh4+ 48. Kxf4 h3 49. Kg3 h2 50. Kxh2 1/2-1/2


[Site "https://www.chess.com"]

[Event "Titled Tuesday Blitz May 2 Early 2023"]
[White "Demin, Vladimir"]
[Black "Kosakowski, Jakub"]
[WhiteFideId "4167457"]
[BlackFideId "1185080"]
[WhiteElo "2430"]
[BlackElo "2488"]
[Result "0-1"]
[Round "03"]
[TimeControl "180+2"]
[Date "2023.05.02"]
[WhiteClock "0:01:02"]
[BlackClock "0:01:28"]

1. d4 d5 2. Nc3 e6 3. Bf4 Nf6 4. Nb5 Bb4+ 5. c3 Ba5 6. a4 a6 7. b4 Nc6 8. bxa5 axb5 9. axb5 Nxa5 10. e3 O-O 11. Bd3 Bd7 12. Ne2 Nc4 13. Bxc4 Rxa1 14. Qxa1 dxc4 15. b6 cxb6 16. O-O Bc6 17. f3 Nd5 18. Bg3 Nxe3 19. Rb1 b5 20. Qa3 h6 21. Bd6 Re8 22. Nf4 Qg5 23. Kf2 Nf5 24. Bc7 e5 25. Nh3 Qe3+ 26. Kf1 Qd3+ 0-1


[Site "https://www.chess.com"]

[Event "Titled Tuesday Blitz May 2 Early 2023"]
[White "Hajiyev, Kanan"]
[Black "Albornoz Cabrera, Carlos Daniel"]
[WhiteFideId "13404148"]
[BlackFideId "3518736"]
[WhiteElo "2103"]
[BlackElo "2516"]
[Result "0-1"]
[Round "03"]
[TimeControl "180+2"]
[Date "2023.05.02"]
[WhiteClock "0:00:02"]
[BlackClock "0:01:35"]

1. d4 Nf6 2. Nf3 g6 3. g3 Bg7 4. Bg2 O-O 5. O-O d5 6. c4 dxc4 7. Na3 c5 8. Nxc4 cxd4 9. Nxd4 Nd5 10. Nb5 Be6 11. Nd4 Bc8 12. Nb5 Be6 13. Nd4 Bg4 14. h3 Bc8 15. Nb5 a6 16. Qxd5 axb5 17. Qxb5 Nc6 18. Be3 Be6 19. Rfd1 Qc7 20. Bf4 Na7 21. Bxc7 Nxb5 22. Bxb7 Ra7 0-1


[Site "https://www.chess.com"]

[Event "Titled Tuesday Blitz May 2 Early 2023"]
[White "Rodriguez, Santiago"]
[Black "Srihari L R"]
[WhiteFideId "3000591"]
[BlackFideId "46617116"]
[WhiteElo "2249"]
[BlackElo "2334"]
[Result "0-1"]
[Round "03"]
[TimeControl "180+2"]
[Date "2023.05.02"]
[WhiteClock "0:00:43"]
[BlackClock "0:00:33"]

1. d4 c5 2. d5 g6 3. Nc3 Bg7 4. e4 d6 5. Nf3 a6 6. a4 Nf6 7. Be2 O-O 8. O-O e6 9. dxe6 Bxe6 10. Bg5 Nc6 11. Re1 h6 12. Bh4 g5 13. Bg3 d5 14. exd5 Nxd5 15. Nxd5 Bxd5 16. c3 f5 17. h3 f4 18. Bh2 Bf7 19. Qc2 Qf6 20. Rad1 Rad8 21. Bd3 Kh8 22. Be4 Na5 23. Rxd8 Rxd8 24. b4 Nc6 25. bxc5 Qxc3 26. Qxc3 Bxc3 27. Rb1 Ba2 28. Rc1 Bb2 29. Re1 Ba3 30. g3 fxg3 31. Bxg3 Bxc5 32. Bxc6 bxc6 33. Ne5 Bd5 34. Rc1 Be7 35. Ng6+ Kh7 36. Nxe7 Bf3 37. Kh2 h5 38. Rc5 Rd1 39. Be5 h4 0-1


[Site "https://www.chess.com"]

[Event "Titled Tuesday Blitz May 2 Early 2023"]
[White "Cherniaiev, Tykhon"]
[Black "Risteski, Emil"]
[WhiteFideId "14182360"]
[BlackFideId "15005267"]
[WhiteElo "2450"]
[BlackElo "2251"]
[Result "1-0"]
[Round "03"]
[TimeControl "180+2"]
[Date "2023.05.02"]
[WhiteClock "0:00:04"]
[BlackClock "0:00:02"]

1. Nf3 d6 2. d4 Nf6 3. c4 Nbd7 4. Nc3 e5 5. g3 Be7 6. Bg2 O-O 7. O-O c6 8. Qc2 Qc7 9. Rd1 Re8 10. b3 a6 11. Bb2 Rb8 12. Rac1 Bf8 13. dxe5 dxe5 14. Ne4 a5 15. Nh4 g6 16. Ng5 Nc5 17. e3 h6 18. Ngf3 Bg7 19. a3 e4 20. Nd4 Nd3 21. Bc3 Nxc1 22. Qxc1 Bg4 23. Re1 Rbd8 24. h3 Bc8 25. Qb2 b6 26. b4 axb4 27. axb4 Nh7 28. c5 b5 29. Nxb5 Bxc3 30. Nxc3 g5 31. Nxe4 gxh4 32. b5 cxb5 33. Nd6 Rxd6 34. cxd6 Qxd6 35. Qxb5 Bd7 36. Qh5 hxg3 37. fxg3 Qxg3 38. Rf1 Be6 39. Qxh6 Qg6 40. Qf4 Bxh3 41. Rf2 Be6 42. Kh2 Kh8 43. Be4 Qg7 44. Rg2 Qc3 45. Bxh7 Kxh7 46. Qh4# 1-0


[Site "https://www.chess.com"]

[Event "Titled Tuesday Blitz May 2 Early 2023"]
[White "Postny, Evgeny"]
[Black "Arencibia Monduy, Antonio"]
[WhiteFideId "2804344"]
[BlackFideId "3507939"]
[WhiteElo "2504"]
[BlackElo "2122"]
[Result "0-1"]
[Round "03"]
[TimeControl "180+2"]
[Date "2023.05.02"]
[WhiteClock "0:00:01"]
[BlackClock "0:00:04"]

1. e4 e6 2. d4 d5 3. Nc3 dxe4 4. Nxe4 Nd7 5. Nf3 Ngf6 6. Ned2 Be7 7. Bd3 O-O 8. O-O b6 9. Nc4 Bb7 10. Re1 c5 11. c3 cxd4 12. Nxd4 Nc5 13. Bc2 Qc7 14. Qe2 Rad8 15. Bg5 Ba6 16. Bh4 Nd5 17. Bg3 Qc8 18. Rad1 Bf6 19. Bb1 g6 20. h4 Rfe8 21. h5 e5 22. hxg6 hxg6 23. Nb3 Na4 24. Qf3 Bxc4 25. Rxd5 Bxd5 26. Qxf6 Qe6 27. Qh4 Nc5 28. Nxc5 bxc5 29. Rxe5 Qd7 30. Qf6 Qc6 31. Qg5 Bxg2 32. Bc2 Bh1 33. Rxe8+ Rxe8 34. Bf4 Re1+ 35. Kh2 Be4 36. f3 Bxc2 37. Qd8+ Re8 0-1


[Site "https://www.chess.com"]

[Event "Titled Tuesday Blitz May 2 Early 2023"]
[White "Aaditya Dhingra"]
[Black "Colbow, Collin"]
[WhiteFideId "25678191"]
[BlackFideId "16201132"]
[WhiteElo "2083"]
[BlackElo "2316"]
[Result "1-0"]
[Round "03"]
[TimeControl "180+2"]
[Date "2023.05.02"]
[WhiteClock "0:00:12"]
[BlackClock "0:00:01"]

1. c4 e5 2. Nc3 Bb4 3. Nf3 Bxc3 4. bxc3 Nc6 5. d3 Nf6 6. g3 O-O 7. Bg2 d6 8. O-O Be6 9. Rb1 Rb8 10. Ng5 Qd7 11. Nxe6 fxe6 12. d4 e4 13. Bg5 d5 14. Qc2 Na5 15. cxd5 exd5 16. f3 exf3 17. Bxf3 Nc4 18. Qd3 b5 19. Bg2 Ne4 20. Bxe4 dxe4 21. Qxe4 Rfe8 22. Qf3 Qe6 23. Rbe1 h6 24. Bc1 Rf8 25. Qd3 Rxf1+ 26. Rxf1 Re8 27. Re1 Nd6 28. Bf4 Ne4 29. Bxc7 g5 30. Be5 Qd5 31. Rf1 Re7 32. Qf3 Rf7 33. Qe3 Rxf1+ 34. Kxf1 Kf7 35. Kg1 Kg6 36. Qf3 Qc6 37. h4 a6 38. h5+ Kh7 39. Qf7# 1-0


[Site "https://www.chess.com"]

[Event "Titled Tuesday Blitz May 2 Early 2023"]
[White "Koellner, Ruben Gideon"]
[Black "Petrova, Irina"]
[WhiteFideId "12993093"]
[BlackFideId "14124122"]
[WhiteElo "2314"]
[BlackElo "2084"]
[Result "1-0"]
[Round "03"]
[TimeControl "180+2"]
[Date "2023.05.02"]
[WhiteClock "0:02:30"]
[BlackClock "0:01:17"]

1. d4 d6 2. Nf3 g6 3. Nbd2 Bg7 4. e4 Nf6 5. Bc4 O-O 6. O-O c6 7. Bb3 a5 8. a4 Nbd7 9. e5 Nd5 10. e6 fxe6 11. Ng5 N7f6 12. Re1 Qb6 13. c3 Nh5 14. Nxe6 Bxe6 15. Rxe6 Rae8 16. Nc4 Qc7 17. Ne3 Nhf4 18. Nxd5 Nxd5 19. Qe2 Kh8 20. Bg5 Nf4 21. Bxf4 Rxf4 22. Re1 Bf6 23. g3 Rf5 24. Bc2 Rh5 25. Rxf6 Qc8 26. Re6 1-0


[Site "https://www.chess.com"]

[Event "Titled Tuesday Blitz May 2 Early 2023"]
[White "Vidit, Santosh Gujrathi"]
[Black "Arat, Ufuk Sezen"]
[WhiteFideId "5029465"]
[BlackFideId "6309089"]
[WhiteElo "2651"]
[BlackElo "2289"]
[Result "1-0"]
[Round "03"]
[TimeControl "180+2"]
[Date "2023.05.02"]
[WhiteClock "0:00:03"]
[BlackClock "0:00:01"]

1. d4 Nf6 2. c4 g6 3. Nc3 d5 4. cxd5 Nxd5 5. e4 Nxc3 6. bxc3 Bg7 7. Bc4 c5 8. Ne2 O-O 9. O-O Nc6 10. Be3 Bg4 11. f3 Bd7 12. Qd2 Qa5 13. Qb2 b5 14. Bd3 b4 15. cxb4 Qxb4 16. Qc1 Nxd4 17. Rb1 Qa5 18. Nf4 e6 19. h4 Rfc8 20. Bc4 Bb5 21. Rf2 Bxc4 22. Qxc4 Rab8 23. Rxb8 Rxb8 24. Nd3 Qb5 25. Nb2 Qxc4 26. Nxc4 Rb4 27. Na3 c4 28. Bc1 c3 29. Kf1 c2 30. Ke1 Rb1 31. Kd2 Bh6+ 32. f4 e5 33. g3 exf4 34. gxf4 Ne6 35. Kxc2 Rb7 36. Be3 Rc7+ 37. Kd3 Rd7+ 38. Ke2 Rb7 39. Nc4 Rb4 40. Kd3 Ra4 41. a3 Bf8 42. f5 Nc5+ 43. Bxc5 Bxc5 44. Rb2 Kg7 45. Rb3 gxf5 46. exf5 Kf6 47. Rb7 Bxa3 48. Ne3 Bf8 49. Nd5+ Kxf5 50. Nc3 Rxh4 51. Rxf7+ Kg6 52. Rxf8 Rh3+ 53. Kd4 h5 54. Ne4 h4 55. Ke5 Rh1 56. Rf6+ Kg7 57. Rf4 h3 58. Rh4 h2 59. Ng3 Rg1 60. Kf4 a5 61. Rxh2 Ra1 62. Nf5+ Kf6 63. Rh6+ Kf7 64. Ra6 a4 65. Ke5 a3 66. Ra7+ Kg6 67. Rg7+ Kh5 68. Kf6 Rg1 69. Rxg1 1-0


[Site "https://www.chess.com"]

[Event "Titled Tuesday Blitz May 2 Early 2023"]
[White "Ibadov, Dashgyn"]
[Black "Terry, Renato"]
[WhiteFideId "24107514"]
[BlackFideId "3803457"]
[WhiteElo "2208"]
[BlackElo "2575"]
[Result "1/2-1/2"]
[Round "03"]
[TimeControl "180+2"]
[Date "2023.05.02"]
[WhiteClock "0:00:11"]
[BlackClock "0:00:18"]

1. e4 e6 2. d4 d5 3. Nc3 Nf6 4. e5 Nfd7 5. Nce2 c5 6. c3 cxd4 7. cxd4 f6 8. Nf3 fxe5 9. dxe5 Nc6 10. Nf4 Bb4+ 11. Bd2 Bxd2+ 12. Qxd2 Ndxe5 13. Nxe5 Nxe5 14. Bb5+ Kf7 15. O-O Qg5 16. Qe3 a6 17. Nxd5 Qxe3 18. fxe3+ Kg6 19. Ne7+ Kh6 20. Be2 Bd7 21. Rf4 Rhe8 22. Re4 Nf7 23. Rh4+ Kg5 24. Rg4+ Kh6 25. Rh4+ Kg5 26. Rg4+ Kf6 27. Rf1+ Kxe7 28. Rxg7 Rf8 29. Bh5 Be8 30. Rxh7 Rd8 31. g4 Rd7 32. g5 Kd6 33. g6 Rg8 34. Rd1+ Ke5 35. Rxd7 Bxd7 36. Rxf7 Bc6 37. g7 Be4 38. Kf2 b5 39. Bg4 a5 40. h4 Bg6 41. Rb7 Kf6 42. h5 Bb1 43. h6 Re8 44. Bh5 Rd8 45. Rf7+ Kg5 46. Rf8 Rd2+ 47. Kg3 Bh7 48. g8=Q+ Bxg8 49. Rxg8+ Kxh6 50. Bg4 e5 51. Re8 Rxb2 52. Re6+ Kg7 53. Rxe5 Kf6 54. Rf5+ Kg6 55. Kf4 a4 56. a3 Rb3 57. Rg5+ Kf6 58. Rf5+ Ke7 59. Rc5 Kd6 60. Rf5 Rb2 61. Bf3 Kc7 62. e4 Rb3 63. Rd5 Kc6 64. e5 Rxf3+ 65. Kxf3 Kxd5 66. e6 Kxe6 67. Ke4 Kd6 68. Kd4 Kc6 69. Kd3 Kd5 70. Kc3 Kd6 71. Kd4 Kc6 72. Kd3 Kd5 73. Kc3 Kc5 74. Kd3 Kb6 75. Kd4 Ka6 76. Kc3 Ka5 77. Kd3 b4 78. axb4+ Kxb4 79. Kc2 Ka3 80. Kb1 Kb3 81. Ka1 Ka3 82. Kb1 Kb3 83. Ka1 Ka3 84. Kb1 1/2-1/2


[Site "https://www.chess.com"]

[Event "Titled Tuesday Blitz May 2 Early 2023"]
[White "Ibarra Jerez, Jose Carlos"]
[Black "Karas, Marek"]
[WhiteFideId "2226332"]
[BlackFideId "14928558"]
[WhiteElo "2638"]
[BlackElo "2233"]
[Result "1-0"]
[Round "03"]
[TimeControl "180+2"]
[Date "2023.05.02"]
[WhiteClock "0:00:20"]
[BlackClock "0:00:07"]

1. e4 e6 2. d4 d5 3. Nc3 Nf6 4. Bg5 Be7 5. e5 Nfd7 6. Bxe7 Qxe7 7. Qg4 O-O 8. Bd3 f5 9. exf6 Nxf6 10. Qh4 Nc6 11. O-O-O h6 12. Nf3 Bd7 13. Rhe1 Qf7 14. g4 Ne4 15. Nxe4 Qxf3 16. Nc5 Bc8 17. Qh5 Qf7 18. Bg6 Qf4+ 19. Kb1 Qg5 20. Re2 Qxh5 21. gxh5 Rf6 22. c3 b6 23. Nd3 Ba6 24. Kc2 Bxd3+ 25. Rxd3 Ne7 26. Rg3 Nxg6 27. Rxg6 Rxg6 28. hxg6 Re8 29. c4 1-0


[Site "https://www.chess.com"]

[Event "Titled Tuesday Blitz May 2 Early 2023"]
[White "Daneshvar, Bardiya"]
[Black "Begunov, Konstantin"]
[WhiteFideId "12576468"]
[BlackFideId "4118510"]
[WhiteElo "2468"]
[BlackElo "2087"]
[Result "1-0"]
[Round "03"]
[TimeControl "180+2"]
[Date "2023.05.02"]
[WhiteClock "0:01:04"]
[BlackClock "0:00:02"]

1. b3 d5 2. Bb2 Bg4 3. h3 Bh5 4. Nf3 Bxf3 5. gxf3 e6 6. e3 Nf6 7. f4 g6 8. d4 c5 9. dxc5 Bxc5 10. c4 O-O 11. cxd5 Nxd5 12. a3 Nc6 13. b4 Be7 14. Nd2 Bf6 15. Qb1 e5 16. Ne4 Bg7 17. fxe5 Nxe5 18. Be2 Qh4 19. Kf1 Rad8 20. Kg2 f5 21. Nc5 Qg5+ 22. Kf1 Nxe3+ 23. fxe3 Qxe3 24. Bc1 Qg3 25. Qb3+ Qxb3 26. Nxb3 Nd3 27. Rb1 Nxc1 28. Rxc1 Rfe8 29. Rc2 Re3 30. Kf2 Rde8 31. Bf3 Rxb3 32. Bd5+ Kh8 33. Bxb3 Bd4+ 34. Kg2 Re3 35. Bd5 1-0


[Site "https://www.chess.com"]

[Event "Titled Tuesday Blitz May 2 Early 2023"]
[White "Vivas Zamora, Fabian Ernesto"]
[Black "Alekseenko, Kirill"]
[WhiteFideId "3902480"]
[BlackFideId "4135539"]
[WhiteElo "2262"]
[BlackElo "2683"]
[Result "0-1"]
[Round "03"]
[TimeControl "180+2"]
[Date "2023.05.02"]
[WhiteClock "0:00:02"]
[BlackClock "0:02:12"]

1. c4 e5 2. Nc3 d6 3. d4 exd4 4. Qxd4 Nc6 5. Qd2 Nf6 6. g3 Be6 7. e4 g6 8. b3 Bg7 9. Bb2 O-O 10. Bg2 Qd7 11. Nge2 Bh3 12. Bxh3 Qxh3 13. Nf4 Qg4 14. Qe2 Qxe2+ 15. Kxe2 Nxe4 16. Nxe4 Bxb2 17. Rae1 Rae8 18. Kf3 f5 19. Ng5 Be5 20. h4 Nd4+ 21. Kg2 h6 22. Nxg6 hxg5 23. Nxf8 Rxf8 24. hxg5 f4 25. g4 f3+ 26. Kh3 Kg7 0-1


[Site "https://www.chess.com"]

[Event "Titled Tuesday Blitz May 2 Early 2023"]
[White "Kramnik, Vladimir"]
[Black "Lopez, Henry"]
[WhiteFideId "4101588"]
[BlackFideId "5203830"]
[WhiteElo "2712"]
[BlackElo "2177"]
[Result "1-0"]
[Round "03"]
[TimeControl "180+2"]
[Date "2023.05.02"]
[WhiteClock "0:01:15"]
[BlackClock "0:00:52"]

1. c4 c5 2. g3 Nc6 3. Bg2 g6 4. Nc3 Bg7 5. d3 d6 6. Qd2 e5 7. b3 Nge7 8. Bb2 O-O 9. e3 Be6 10. Nd5 Rc8 11. Ne2 Qd7 12. O-O Bh3 13. f4 Bxg2 14. Kxg2 f5 15. a3 Nxd5 16. cxd5 Ne7 17. e4 Rce8 18. Rae1 h6 19. h3 b6 20. Bc3 Kh7 21. Qb2 Ng8 22. fxe5 dxe5 23. Ng1 f4 24. gxf4 exf4 25. Bxg7 Qxg7 26. Qxg7+ Kxg7 27. e5 Rf5 28. Nf3 Ne7 29. d6 Nc6 30. Re4 g5 31. Rfe1 Re6 32. d4 cxd4 33. Nxd4 Nxd4 34. Rxd4 Rf8 35. Kf3 Kf7 36. Ke4 Rxe5+ 37. Kxe5 Re8+ 38. Kf5 Rxe1 39. d7 1-0


[Site "https://www.chess.com"]

[Event "Titled Tuesday Blitz May 2 Early 2023"]
[White "Shvedova, Alexandra"]
[Black "Mekhitarian, Krikor Sevag"]
[WhiteFideId "54154782"]
[BlackFideId "2107660"]
[WhiteElo "2057"]
[BlackElo "2604"]
[Result "0-1"]
[Round "03"]
[TimeControl "180+2"]
[Date "2023.05.02"]
[WhiteClock "0:00:03"]
[BlackClock "0:00:04"]

1. d4 Nf6 2. Nf3 g6 3. g3 d5 4. Bg2 Bg7 5. O-O O-O 6. c4 dxc4 7. Ne5 Ne8 8. Na3 Nd6 9. Qc2 c6 10. Naxc4 Nxc4 11. Qxc4 Be6 12. Qc3 Nd7 13. Bf4 Nxe5 14. Bxe5 Bxe5 15. dxe5 Qb6 16. Rfd1 Rfd8 17. b3 a5 18. Qc2 Qb4 19. h4 Kg7 20. Rd3 Bf5 21. e4 Bxe4 22. Bxe4 Qxe4 23. Rad1 Rxd3 24. Qxd3 Qxe5 25. Qd7 Rb8 26. Rd3 Qf5 27. Qd4+ e5 28. Qd6 Re8 29. Re3 Qe6 30. Qc7 Re7 31. Qxa5 Qd5 32. Qc3 Kg8 33. Rd3 Qe6 34. Re3 h5 35. Qb2 e4 36. Qd4 Qd5 37. Qf6 Re6 38. Qf4 Qe5 39. Qh6 c5 40. Kg2 Qf6 41. a3 b6 42. a4 Re5 43. Rc3 Rf5 44. Rc2 Rf3 45. Qd2 Qd4 46. Qc1 Rd3 47. Rc4 Qd5 48. Kh2 Rxb3 49. Rc2 Rd3 50. Qf4 e3 51. fxe3 Rd1 52. Qb8+ Kg7 53. Rg2 Qe6 54. Qf4 Rd3 55. Qf2 Rxe3 56. Qb2+ Kg8 57. Qd2 Qe7 58. Qb2 Re6 59. Qd2 Rd6 60. Qf4 Rd4 61. Qb8+ Qd8 62. Qe5 Qd6 63. Qe8+ Kg7 64. Qe3 Rxh4+ 65. Kg1 Qd4 66. Qxd4+ Rxd4 67. Ra2 Rb4 68. Kf2 f5 69. Ke3 Kh6 70. Kf3 Kg5 71. Kg2 Rb3 72. Kf2 h4 73. Kg2 Rxg3+ 0-1


[Site "https://www.chess.com"]

[Event "Titled Tuesday Blitz May 2 Early 2023"]
[White "Hayrapetyan, Hovik"]
[Black "Manukian, Artak"]
[WhiteFideId "13302639"]
[BlackFideId "13301373"]
[WhiteElo "2348"]
[BlackElo "2130"]
[Result "1-0"]
[Round "03"]
[TimeControl "180+2"]
[Date "2023.05.02"]
[WhiteClock "0:01:10"]
[BlackClock "0:00:57"]

1. d4 Nf6 2. c4 e6 3. Nc3 d5 4. Nf3 a6 5. cxd5 exd5 6. Bg5 Be6 7. Qb3 Nc6 8. Bxf6 gxf6 9. e3 b5 10. Bd3 Na5 11. Qc2 h5 12. Rc1 h4 13. a3 Nc4 14. Ne2 Bd6 15. O-O Bg4 16. Nd2 h3 17. g3 Qd7 18. Nf4 Bxf4 19. exf4 O-O-O 20. b3 Nxd2 21. Qxd2 Bf5 22. Bxf5 Qxf5 23. Qa5 Rd7 24. Qxa6+ Kb8 25. Qxb5+ Kc8 26. Qa6+ Kb8 27. Rc5 1-0


[Site "https://www.chess.com"]

[Event "Titled Tuesday Blitz May 2 Early 2023"]
[White "Acor, Corey"]
[Black "Devaev, Alexander"]
[WhiteFideId "2024861"]
[BlackFideId "4169395"]
[WhiteElo "2341"]
[BlackElo "2204"]
[Result "1-0"]
[Round "03"]
[TimeControl "180+2"]
[Date "2023.05.02"]
[WhiteClock "0:00:09"]
[BlackClock "0:00:39"]

1. e4 c6 2. d3 d5 3. Nd2 d4 4. g3 c5 5. Bg2 e5 6. Ne2 Nc6 7. f4 Bd6 8. Nf3 Nf6 9. O-O Qc7 10. h3 h6 11. fxe5 Nxe5 12. Nxe5 Bxe5 13. Bf4 Nd7 14. c3 O-O 15. Rc1 Qb6 16. Qb3 Re8 17. cxd4 Qxb3 18. axb3 cxd4 19. h4 f6 20. b4 g5 21. Bxe5 Nxe5 22. Nxd4 Nxd3 23. Rc3 Nxb4 24. Rxf6 gxh4 25. Rc7 Na6 26. Rg6+ Kf8 27. Rcg7 hxg3 28. Bf1 Rxe4 29. Bc4 Rf4 30. Rh7 Nc5 31. Rg8# 1-0


[Site "https://www.chess.com"]

[Event "Titled Tuesday Blitz May 2 Early 2023"]
[White "Remizov, Yaroslav"]
[Black "Lorenzo De La Riva, Lazaro"]
[WhiteFideId "34134015"]
[BlackFideId "2268809"]
[WhiteElo "2412"]
[BlackElo "2294"]
[Result "1-0"]
[Round "03"]
[TimeControl "180+2"]
[Date "2023.05.02"]
[WhiteClock "0:01:32"]
[BlackClock "0:00:22"]

1. Nf3 Nc6 2. e4 e5 3. Nc3 Nf6 4. Be2 Be7 5. d4 exd4 6. Nxd4 O-O 7. Nxc6 bxc6 8. e5 Ne8 9. O-O d5 10. exd6 cxd6 11. Bf3 d5 12. Re1 Nd6 13. Bf4 a5 14. Ne2 Nf5 15. c4 Be6 16. cxd5 cxd5 17. Nc3 Bb4 18. Qd3 Nh4 19. a3 Nxf3+ 20. Qxf3 Bxc3 21. bxc3 Qf6 22. Rab1 Rac8 23. Re3 Rc4 24. Be5 Qg6 25. Rb7 h5 26. h3 Ra4 27. Qd1 Rh4 28. Rg3 Qh6 29. Rxg7+ Qxg7 30. Bxg7 Kxg7 31. Qd2 Kg6 32. Qe3 Re4 33. Qg3+ Kh7 34. Qg5 Rh8 35. Qxh5+ Kg8 36. Rb8+ Kg7 37. Qxh8+ Kg6 38. Rg8+ Kf5 39. g4+ Kf4 40. Qf6+ Bf5 41. Qxf5# 1-0


[Site "https://www.chess.com"]

[Event "Titled Tuesday Blitz May 2 Early 2023"]
[White "Molina, Roberto Junio Brito"]
[Black "Khamdamova, Afruza"]
[WhiteFideId "2109450"]
[BlackFideId "14210444"]
[WhiteElo "2376"]
[BlackElo "2210"]
[Result "1-0"]
[Round "03"]
[TimeControl "180+2"]
[Date "2023.05.02"]
[WhiteClock "0:00:14"]
[BlackClock "0:00:03"]

1. d4 Nf6 2. Nf3 d5 3. c4 e6 4. Nc3 Be7 5. Bg5 O-O 6. e3 h6 7. Bh4 b6 8. cxd5 Nxd5 9. Bg3 Bb7 10. Bc4 c5 11. Bxd5 Bxd5 12. dxc5 bxc5 13. O-O Bc4 14. Re1 Nc6 15. Qa4 Nb4 16. a3 Nd3 17. Qxc4 Nxe1 18. Rxe1 Qb6 19. Re2 Rfd8 20. h3 Bf6 21. Kh2 Rd7 22. Na4 Qc6 23. Nxc5 Rd5 24. b4 Be7 25. Rc2 Rc8 26. Nd4 Qb6 27. Ndb3 h5 28. h4 Qd8 29. Qe4 Rc6 30. Na5 Rb6 31. Nc4 Bxc5 32. bxc5 Rb1 33. Nd2 Rd1 34. Nf3 Ra1 35. c6 Rdd1 36. Bf4 Qc8 37. Ng5 g6 38. Qe5 Rh1+ 39. Kg3 Rhc1 40. Rxc1 Rxc1 41. c7 Rc6 42. Qf6 Rxc7 43. Bxc7 Qxc7+ 44. Qf4 Qb7 45. f3 Qd7 46. Kh2 Kg7 47. Qd4+ Qxd4 48. exd4 Kf8 49. Kg3 Ke7 50. Kf4 f6 51. Ne4 Kf7 52. g4 hxg4 53. fxg4 Kg7 54. g5 fxg5+ 55. Nxg5 Kf6 56. Ne4+ Ke7 57. Ke5 1-0


[Site "https://www.chess.com"]